 Dungeon Crawl Stone Soup version 0.30-a0-170-g85af917532 (webtiles) character file.

Game seed: 868714208241096751

327 qw the Chopper (level 6, -6/38 HPs)
             Began as a Gargoyle Fighter on Oct 1, 2022.
             Was an Initiate of Okawaru.
             Mangled by Duvessa
             ... wielding a +0 short sword
              (8 damage)
             ... on level 4 of the Dungeon.
             The game lasted 00:01:14 (3833 turns).

qw the Chopper (Gargoyle Fighter)                   Turns: 3833, Time: 00:01:14

Health: -6/38      AC: 19    Str: 22    XL:     6   Next: 50%
Magic:  6/6        EV: 10    Int:  8    God:    Okawaru [......]
Gold:   152        SH:  4    Dex:  9    Spells: 5/5 levels left

rFire   . . .      SeeInvis .    Y - +1 war axe
rCold   . . .      Faith    .    c - +0 buckler
rNeg    + . .      Spirit   .    e - +2 plate armour
rPois   inf        Reflect  .    (no helmet)
rElec   +          Harm     .    (no cloak)
rCorr   .          Rampage  .    (no gloves)
Will    .....                    b - +0 pair of boots
Stlth   ..........               (no amulet)
HPRegen 0.12/turn                h - +4 ring of evasion
MPRegen 0.10/turn                (no ring)

@: about to teleport
A: sickness immunity, AC +4, negative energy resistance 1, electricity
resistance, torment resistance 1, petrification resistance
a: Renounce Religion


You were on level 4 of the Dungeon.
You worshipped Okawaru.
Okawaru was noncommittal.
You visited 2 branches of the dungeon, and saw 5 of its levels.

You collected 152 gold pieces.


Innate Abilities, Weirdness & Mutations

You are immune to sickness and miasma.
Your stone body is resilient. (AC +4)
You are immune to poison.
You resist negative energy. (rN+)
You are resistant to electric shocks. (rElec)
You are resistant to unholy torment.
You are immune to petrification.


   Skills:
 - Level 4.0 Fighting
 + Level 5.6 Axes
 - Level 1.0 Throwing
 - Level 3.2 Armour
 - Level 3.2 Shields


You had 5 spell levels left.
You didn't know any spells.
Your spell library was empty.

Inventory:

Hand Weapons
 k - a +0 whip
 Y - a +1 war axe (weapon)
Armour
 b - a +0 pair of boots (worn)
 c - a +0 buckler (worn)
 e - a +2 plate armour (worn)
Jewellery
 h - a +4 ring of evasion (left hand)
Scrolls
 n - a scroll of identify
Potions
 d - a potion of might
 f - 2 potions of curing
 g - a potion of resistance
 m - a potion of lignification
 q - a potion of magic {unknown}

Dungeon Overview and Level Annotations

Branches:
Dungeon (4/15)             Temple (1/1) D:4

Altars:
Ashenzari
Cheibriados
Elyvilon
Gozag
Hepliaklqana
Kikubaaqudgha
Makhleb
Nemelex Xobeh
Okawaru
Qazlal
Ru
Trog
Wu Jian
Yredelemnul
Zin
The Shining One

Annotations:
D:4 Duvessa


Message History

Duvessa barely misses you. Duvessa hits you with a +0 short sword!
3739 ||| READING 2 scrolls of teleportation.
As you read the scroll of teleportation, it crumbles to dust.
You feel strangely unstable. Duvessa barely misses you.
3740 ||| DRINKING potion of heal wounds.
You feel much better. Duvessa hits you but does no damage.
Duvessa closely misses you.
You hit Duvessa but do no damage.
Duvessa is moderately wounded.
Duvessa misses you. Duvessa hits you with a +0 short sword.
You slash Duvessa!
Duvessa is severely wounded.
Your surroundings suddenly seem different.
You hear a shout!
You start resting.
You hear a shout! x18
Duvessa is nearby!
Duvessa rages.
Duvessa hits you but does no damage.
You hit Duvessa but do no damage.
Duvessa is heavily wounded.
You block Duvessa's attack. Duvessa barely misses you.
You hit Duvessa.
Duvessa is heavily wounded.
Duvessa hits you with a +0 short sword! Duvessa misses you.
You hit Duvessa.
Duvessa is severely wounded.
Duvessa hits you but does no damage. Duvessa hits you with a +0 short sword!
You barely miss Duvessa.
Duvessa is severely wounded.
Duvessa hits you but does no damage. Duvessa hits you with a +0 short sword!
3832 ||| READING scroll of teleportation.
As you read the scroll of teleportation, it crumbles to dust.
You feel strangely unstable. Duvessa barely misses you.
You hit Duvessa but do no damage.
Duvessa is severely wounded.
Duvessa hits you with a +0 short sword. Duvessa hits you with a +0 short sword!
You die...

...............###.#.#.# #.#
##.....###..%..# #...#.# #.#
......## #.....# ##....###.#
####..# ###.### ###......#
#..# #.# ######..###.###
####..# #.# #.............#
......# ##.###.########.#..#
###...## ##...##.#........#..#
##.....###.....#@#.########..#
#_......###....#e# #..####
<........###.....# #......
.........+.......# #..>...
.........###.....# #...##.
#.......## #.#.#.# #..###.
##.....## #.###.######## #.##
#. ##...## #.# #.............
.. ##+## #.# ##....####.## ##


You could see Duvessa (berserk).

Vanquished Creatures
  A scorpion (D:3)
  Dowan (D:4)
  An orc priest (D:4)
  2 iguanas (D:4)
  6 adders
  An ufetubus (D:4)
  2 worms (D:3)
  2 dart slugs
  5 orcs (D:4)
  7 bats
  6 endoplasms
  3 giant cockroaches
  3 goblins
  4 hobgoblins
  2 jackals (D:1)
  6 kobolds
  7 quokkas
  6 ball pythons
  5 frilled lizards
  2 rats (D:1)
72 creatures vanquished.

Notes
Turn   | Place    | Note
-------+----------+-------------------------------------------
     0 | D:1      | qw the Gargoyle Fighter began the quest for the Orb.
     0 | D:1      | Reached XP level 1. HP: 14/14 MP: 1/1
     0 | D:1      | 0 ||| qw: Version: 0.2-a-13-gfc7b4b4
     0 | D:1      | 0 ||| qw: Game counter: 1719
     0 | D:1      | 0 ||| qw: Always use a shield: true
     0 | D:1      | 0 ||| qw: God list: Okawaru
     0 | D:1      | 0 ||| qw: Allow faded altars: false
     0 | D:1      | 0 ||| qw: Do Orc after D:15 true
     0 | D:1      | 0 ||| qw: Do second Lair branch before Depths: true
     0 | D:1      | 0 ||| qw: Lair rune preference: random
     0 | D:1      | 0 ||| qw: Plans: Normal, Zot:1-4, God:TSO, Crypt, Tomb,
                  | Pan, Slime:5, Hells, Abyss, Orb
     0 | D:1      | 0 ||| PLANNING D:1-11
    81 | D:1      | Reached skill level 2 in Axes
   226 | D:1      | Reached XP level 2. HP: 19/19 MP: 2/2
   401 | D:1      | Reached skill level 3 in Axes
   577 | D:1      | Reached XP level 3. HP: 18/23 MP: 3/3
   647 | D:1      | 647 ||| UPGRADING to +4 ring of evasion.
   648 | D:1      | 648 ||| READING scroll labelled YKU YSEAHOSCH.
   649 | D:1      | 649 ||| READING 2 scrolls labelled HAUSHO QUUFU.
   650 | D:1      | 650 ||| READING scroll labelled DAH BEUHESTUT.
   651 | D:1      | 651 ||| READING scroll labelled NEEJA VURA.
   652 | D:1      | 652 ||| DROPPING scroll of magic mapping.
   929 | D:2      | Reached skill level 1 in Throwing
  1071 | D:2      | 1071 ||| Stepping ~*~*~tactically~*~*~ (stealth).
  1344 | D:2      | Reached XP level 4. HP: 28/28 MP: 4/4
  1639 | D:2      | 1639 ||| UPGRADING to +0 plate armour.
  1649 | D:2      | 1649 ||| DROPPING +0 scale mail.
  1650 | D:2      | 1650 ||| READING scroll of enchant armour.
  1650 | D:2      | 1650 ||| ENCHANTING +0 plate armour.
  1651 | D:2      | 1651 ||| READING scroll labelled UQIELO KOASEC.
  1652 | D:2      | 1652 ||| READING scroll labelled YNUROUSTULLE.
  1789 | D:3      | 1789 ||| READING scroll of enchant armour.
  1789 | D:3      | 1789 ||| ENCHANTING +1 plate armour.
  1849 | D:3      | Noticed a scorpion
  1861 | D:3      | Killed a scorpion
  1862 | D:3      | Reached skill level 4 in Axes
  1862 | D:3      | Reached XP level 5. HP: 32/32 MP: 5/5
  1934 | D:3      | Found an ornate altar of the Wu Jian Council.
  2622 | D:3      | 2622 ||| READING 2 scrolls labelled DESUPI PASEIGAKH.
  2626 | D:3      | 2626 ||| READING scroll labelled YRUMUZ MORY.
  2627 | D:3      | 2627 ||| READING scroll labelled UDOUWU UCKEBEH.
  2628 | D:3      | 2628 ||| READING scroll labelled FORAEPP TUSM.
  2629 | D:3      | 2629 ||| DRINKING 2 glowing golden potions.
  2630 | D:3      | 2630 ||| DRINKING 2 black potions.
  2631 | D:3      | 2631 ||| DRINKING 2 metallic green potions.
  2680 | D:3      | 2680 ||| READING 4 scrolls of identify.
  2680 | D:3      | 2680 ||| IDENTIFYING white potion
  2681 | D:3      | 2681 ||| READING 3 scrolls of identify.
  2681 | D:3      | 2681 ||| IDENTIFYING metallic brown potion
  2682 | D:3      | 2682 ||| READING 2 scrolls of identify.
  2682 | D:3      | 2682 ||| IDENTIFYING cyan potion
  2683 | D:3      | 2683 ||| DROPPING potion of ambrosia.
  2684 | D:3      | 2684 ||| DROPPING potion of flight.
  2744 | D:4      | Found a burning altar of Makhleb.
  2751 | D:4      | Found a hazy altar of Hepliaklqana.
  2752 | D:4      | Found a sparkling altar of Nemelex Xobeh.
  2833 | D:4      | Reached skill level 5 in Axes
  2949 | D:4      | Found a staircase to the Ecumenical Temple.
  2950 | D:4      | 2950 ||| PLANNING TEMPLE
  2950 | D:4      | 2950 ||| UPGRADING to +0 pair of boots.
  2956 | D:4      | 2956 ||| FLEEEEING.
  2959 | D:4      | 2959 ||| FLEEEEING.
  2981 | Temple   | Entered the Ecumenical Temple
  3030 | Temple   | 3030 ||| PLANNING OKAWARU WORSHIP
  3159 | Temple   | Became a worshipper of Warmaster Okawaru
  3160 | Temple   | 3160 ||| PLANNING D:1-11
  3387 | D:4      | Reached XP level 6. HP: 38/38 MP: 6/6
  3493 | D:4      | 3493 ||| Stepping ~*~*~tactically~*~*~ (stealth).
  3496 | D:4      | 3496 ||| Stepping ~*~*~tactically~*~*~ (stealth).
  3691 | D:4      | Found a white marble altar of Elyvilon.
  3726 | D:4      | Noticed Dowan
  3730 | D:4      | Noticed Duvessa
  3732 | D:4      | Killed Dowan
  3738 | D:4      | HP: 6/38 [Duvessa/+0 short sword (9)]
  3739 | D:4      | 3739 ||| READING 2 scrolls of teleportation.
  3740 | D:4      | 3740 ||| DRINKING potion of heal wounds.
  3831 | D:4      | HP: 4/38 [Duvessa/+0 short sword (10)]
  3832 | D:4      | 3832 ||| READING scroll of teleportation.
  3833 | D:4      | Mangled by Duvessa

Levels and vault maps discovered:
D:1:      dpeg_arrival_pond, layout_rooms, amethyst_killhole,
          amcnicky_mini_corridor_feature
D:2:      layout_loops_ring
D:3:      layout_basic, nzn_wu_jian_council_hall,
          amcnicky_mini_rare_corridor_liquid, nicolae_figureground_sparkle
D:4:      layout_loops_corners, grunt_temple_overflow_open,
          overflow_temple_1_default, minmay_temple_entry_mini_moons,
          minivault_27, hangedman_decor_riveting, grunt_tough_drop, uniq_duvessa
Temple:   nicolae_temple_bog_church

Skill      XL: |  1  2  3  4  5  6 |
---------------+-------------------+-----
Axes           | 2 3 4 5 |  5.6
Throwing       | 1 |  1.0
Fighting       | 4 |  4.0
Armour         | |  3.2
Shields        | |  3.2

Action                   |  1- 3 |  4- 6 || total
-------------------------+-------+-------++-------
Melee: War axe           |   112 |   106 ||   218
Throw: Javelin           |    14 |    29 ||    43
  Use: Scroll            |     4 |    13 ||    17
       Potion            |       |     4 ||     4
Armor: Scale mail        |    43 |     5 ||    48
       Plate armour      |       |    52 ||    52
Dodge: Dodged            |    77 |    51 ||   128
Block: Buckler           |    14 |    16 ||    30

Table legend:
 A = Non-vault XP
 B = Vault XP
 C = Vault XP percentage of total XP
 D = Non-vault monster count
 E = Vault monster count
 F = Vault count percentage of total count
                 A         B        C        D         E       F
            +---------+---------+-------+---------+---------+-------
      Total |     382 |      86 |  18.4 |      66 |       6 |   8.3
            +---------+---------+-------+---------+---------+-------
        D:1 |      35 |       0 |   0.0 |      20 |       0 |   0.0
        D:2 |      61 |       0 |   0.0 |      21 |       0 |   0.0
        D:3 |     139 |       0 |   0.0 |      13 |       0 |   0.0
        D:4 |     147 |      86 |  36.9 |      12 |       6 |  33.3
            +---------+---------+-------+---------+---------+-------
